Map: [ESL] Hard Lead

Players

ByuN

  • Race: Terran Terran
  • Spawn Location: 11:00

Dark - Winner!

  • Race: Zerg Zerg
  • Spawn Location: 5:00

VOD

Have the link to the VOD?

Description

Time

  • Played on: Dec. 11, 2023, 7:43 a.m.
  • Length: 10:23
Show
View Real Time Build Order
Export as new Build Order

ByuN Terran 

Build Orders:  

Get SALT Encoding   

  12  0:00  SCV  
  13  0:12  SCV  
  14  0:17  Supply Depot  
  14  0:24  SCV  
  15  0:39  SCV, Barracks  
  16  0:43  Refinery  
  16  0:51  SCV  
  17  1:01  Barracks  
  17  1:03  SCV  
  18  1:15  SCV  
  19  1:26  Reaper  
  19  1:27  Orbital Command  
  20  1:36  Supply Depot  
  20  1:47  Reaper  
  20  1:53  SCV  
  22  2:02  Reaper  
  22  2:05  SCV  
  24  2:09  Command Center  
  24  2:17  SCV, Refinery  
  25  2:23  Marine  
  25  2:29  SCV  
  27  2:34  Marine  
  28  2:39  Factory  
  28  2:41  SCV  
  28  2:53  SCV  
  28  2:54  Barracks Reactor  
  29  3:01  Barracks Tech Lab  
  29  3:05  SCV  
  30  3:12  Command Center  
  30  3:17  SCV  
  31  3:20  Marine  
  31  3:22  Orbital Command  
  32  3:30  SCV, Stimpack  
  33  3:38  Marine  
  34  3:46  Hellion x2  
  38  3:49  SCV x2  
  38  3:50  Barracks Reactor  
  40  4:00  Marine  
  40  4:01  SCV x2  
  43  4:08  Hellion  
  43  4:09  Starport  
  45  4:13  SCV  
  46  4:24  Marine  
  46  4:26  Marine x2  
  46  4:28  Orbital Command  
  46  4:29  SCV x2  
  46  4:31  Hellion x2  
  55  4:34  Supply Depot  
  55  4:40  Supply Depot  
  55  4:41  SCV x2  
  55  4:44  Marine x3  
  60  4:53  SCV, Armory  
  60  4:57  SCV x2  
  60  4:59  Medivac  
  65  5:00  Medivac  
  65  5:04  Supply Depot, Marine  
  65  5:06  Marine  
  69  5:08  Marine  
  69  5:12  SCV x2  
  69  5:13  SCV  
  73  5:17  Supply Depot  
  73  5:19  Combat Shield  
  73  5:22  Factory Tech Lab  
  73  5:24  Refinery  
  73  5:25  Marine x2  
  73  5:26  Marine  
  76  5:33  SCV x2  
  78  5:41  Supply Depot, Refinery, Engineering Bay x2  
  78  5:44  SCV  
  78  5:45  SCV  
  80  5:50  SCV  
  80  5:54  Siege Tank  
  80  5:56  SCV  
  85  6:03  SCV, Barracks  
  76  6:06  Starport Reactor  
  72  6:11  Marine x2  
  72  6:12  SCV  
  72  6:14  SCV  
  72  6:16  Marine  
  74  6:22  Orbital Command  
  74  6:24  Terran Infantry Weapons Level 1, Terran Infantry Armor Level 1  
  63  6:28  Siege Tank  
  63  6:29  Marine x2  
  63  6:31  Barracks  
  63  6:32  Barracks  
  68  6:34  SCV x2, Marine  
  68  6:36  Terran Vehicle Weapons Level 1  
  71  6:47  Marine  
  71  6:48  SCV x2, Marine  
  71  6:50  Marine x2  
  71  6:52  Marine  
  79  6:54  SCV  
  79  6:56  Supply Depot  
  79  7:00  SCV, Medivac  
  79  7:01  SCV, Medivac  
  83  7:05  Marine  
  83  7:06  Marine  
  83  7:07  SCV  
  83  7:08  Marine x2  
  87  7:10  Siege Tank  
  87  7:12  SCV  
  93  7:16  Supply Depot  
  93  7:17  Marine  
  93  7:19  Supply Depot, Barracks Reactor  
  93  7:20  Barracks Reactor  
  93  7:21  SCV x2  
  93  7:22  Marine  
  96  7:24  SCV, Marine  
  96  7:26  Marine x2  
  96  7:27  Factory  
  101  7:34  Marine  
  89  7:38  Supply Depot  
  89  7:40  Marine  
  89  7:42  Marine  
  89  7:44  SCV, Marine x2  
  67  7:45  SCV  
  67  7:48  SCV  
  62  7:52  Marine  
  62  7:56  SCV  
  62  7:57  SCV  
  58  8:01  Marine x2  
  58  8:02  Marine  
  60  8:09  SCV x3  
  61  8:21  SCV x3  
  64  8:27  Siege Tank  
  64  8:33  SCV x3  
  70  8:43  Command Center  
  70  8:45  SCV x3  
  73  8:50  Supply Depot  
  73  8:57  SCV x3  
  73  9:00  Siege Tank  
  79  9:09  SCV x3  
  82  9:16  Supply Depot, Marine x8  
  90  9:17  Supply Depot, Marine  
  90  9:21  SCV x3  
  90  9:23  Supply Depot  
  94  9:24  Factory  
  94  9:33  SCV x2  
  94  9:34  SCV  
  94  9:35  Siege Tank  
  100  9:41  Refinery  
  100  9:42  Refinery  
  100  9:45  SCV x2  
  100  9:46  SCV  
  100  9:51  Marine x8  
  100  9:52  Marine  
  112  9:57  SCV  
  112  9:58  SCV x2  
  118  10:09  Factory Tech Lab  
  118  10:10  SCV x3  
Show
View Real Time Build Order
Export as new Build Order

Dark Zerg - Winner!

Build Orders: Pool First 

Get SALT Encoding   

  12  0:00  Drone  
  13  0:12  Overlord  
  13  0:17  Drone  
  14  0:30  Drone x2  
  16  0:40  Spawning Pool  
  15  0:43  Drone  
  15  0:47  Drone  
  17  0:58  Drone  
  18  1:10  Hatchery  
  17  1:13  Extractor  
  16  1:27  Zergling x4  
  16  1:29  Zergling x2  
  16  1:31  Queen  
  21  1:41  Overlord  
  21  1:49  Drone  
  22  2:02  Drone  
  22  2:07  Queen  
  25  2:14  Drone  
  26  2:18  Metabolic Boost  
  26  2:22  Queen  
  28  2:23  Drone  
  29  2:34  Drone x2  
  29  2:36  Drone  
  32  2:50  Drone x4  
  36  2:56  Overlord  
  35  3:04  Overlord  
  35  3:09  Overlord  
  35  3:13  Queen  
  35  3:17  Zergling x4  
  35  3:18  Drone x2  
  41  3:21  Drone  
  41  3:26  Drone  
  43  3:30  Drone x4  
  47  3:37  Queen  
  49  3:43  Drone x2  
  51  3:50  Hatchery  
  51  3:53  Drone  
  51  3:54  Drone  
  52  3:58  Queen  
  54  4:04  Drone x2  
  54  4:05  Drone x2  
  54  4:08  Drone  
  59  4:26  Overlord  
  59  4:30  Overlord  
  59  4:31  Overlord  
  59  4:34  Drone  
  60  4:44  Queen x2  
  64  4:46  Zergling x4  
  64  4:47  Drone x2  
  64  4:48  Drone x3  
  71  4:55  Evolution Chamber x2  
  71  4:57  Drone  
  71  4:58  Drone  
  71  4:59  Spore Crawler  
  70  5:01  Drone x2, Queen  
  70  5:03  Drone  
  75  5:08  Drone x3  
  75  5:09  Drone  
  79  5:16  Drone x2  
  79  5:19  Extractor  
  79  5:20  Queen, Extractor  
  81  5:21  Drone x2  
  83  5:31  Zerg Melee Weapons Level 1, Zerg Ground Armor Level 1  
  83  5:32  Queen  
  85  5:40  Spine Crawler, Zergling x10, Baneling Nest  
  88  5:43  Zergling x2  
  88  5:44  Overlord  
  88  5:49  Overlord  
  89  5:59  Queen  
  89  6:04  Zergling x22  
  81  6:14  Zergling x4  
  81  6:15  Queen  
  81  6:17  Zergling x4  
  81  6:21  Zergling x2  
  81  6:25  Zergling x4  
  79  6:27  Lair  
  77  6:33  Hatchery  
  77  6:35  Queen  
  77  6:39  Zergling x8  
  81  6:43  Zergling x2  
  82  6:47  Zergling x8  
  82  6:53  Zergling x2  
  87  6:59  Zergling x6  
  87  7:00  Zergling x4  
  92  7:01  Baneling x12  
  92  7:02  Baneling x8  
  92  7:03  Baneling  
  92  7:04  Zergling x2  
  94  7:08  Zergling x2  
  94  7:11  Zergling x4  
  96  7:21  Hatchery, Zergling x4  
  96  7:27  Zergling x2  
  86  7:38  Zergling x2  
  86  7:40  Zerg Melee Weapons Level 2  
  86  7:43  Zergling x2  
  86  7:44  Zergling x16  
  91  7:48  Zergling x4  
  91  7:51  Zerg Ground Armor Level 2  
  84  7:54  Drone  
  84  7:55  Drone  
  84  7:56  Drone  
  84  7:58  Queen x2  
  85  8:01  Zergling x8, Extractor  
  90  8:08  Drone x3  
  90  8:09  Drone  
  91  8:16  Centrifugal Hooks  
  91  8:18  Zergling x6  
  94  8:25  Drone  
  95  8:27  Drone  
  95  8:28  Drone x2  
  95  8:29  Drone x3  
  95  8:30  Drone x6  
  95  8:31  Baneling  
  95  8:32  Baneling x8  
  95  8:33  Hatchery  
  106  8:34  Zergling x2  
  106  8:40  Zergling x4  
  109  8:44  Infestation Pit  
  109  8:45  Zergling x4  
  109  8:48  Baneling x2  
  110  8:49  Zergling x2  
  111  8:56  Zergling x2  
  111  8:57  Zergling x6  
  115  9:03  Overlord x2  
  115  9:04  Overlord  
  115  9:05  Zergling x6  
  118  9:17  Overlord x2  
  118  9:22  Zergling x18  
  118  9:23  Zergling x10  
  132  9:29  Zergling x12  
  132  9:31  Baneling x8  
  138  9:32  Baneling  
  138  9:34  Zergling x6  
  138  9:37  Drone  
  142  9:39  Zergling x8  
  142  9:44  Zergling x10  
  150  9:49  Zergling x6  
  150  9:52  Zergling x2  
  154  9:53  Baneling x4  
  154  9:54  Baneling x2  
  154  9:56  Zergling x6  
  157  10:00  Zergling x8  
  157  10:02  Zergling x6  
  157  10:05  Zergling x2  
Tags
 
Matchup
TvZ
Opening
Pool First
Player
ByuNDark
Replay Pack
December 2023
Spawn Locations
Cross Positions
Add a new tag
Caveats
  • Supply blocks, unpowered buildings, or Contaminate may cause inaccurate times.
  • Supply counts are checked every 10 seconds.